 Dungeon Crawl Stone Soup version 0.23-a0-182-g58cdd98 (webtiles) character file.

92 HerrDoktor the Magician (level 4, 0/30 HPs)
             Began as a Human Wizard on Sept 20, 2018.
             Was an Initiate of Qazlal.
             Slain by a wight
             ... wielding a +2 battleaxe
              (3 damage)
             ... on level 4 of the Dungeon.
             The game lasted 00:21:54 (4358 turns).

HerrDoktor the Magician (Human Wizard)              Turns: 4358, Time: 00:21:54

Health: 0/30       AC:  3    Str:  8    XL:     4   Next: 90%
Magic:  0/10       EV: 12    Int: 19    God:    Qazlal [......]
Gold:   146        SH:  0    Dex: 11    Spells: 1/11 levels left

rFire    . . .     SeeInvis .   f - +0 short sword
rCold    . . .     Gourm    .   (no shield)
rNeg     . . .     Faith    .   a - +0 robe
rPois    .         Spirit   .   b - +1 hat
rElec    .         Reflect  .   (no cloak)
rCorr    .         Harm     .   (no gloves)
MR       .....                  (no boots)
Stlth    ++........             (no amulet)
HPRegen  0.10/turn              (no ring)
MPRegen  0.12/turn              (no ring)

@: very slightly contaminated, drained
A: no striking features
a: Renounce Religion


You were on level 4 of the Dungeon.
You worshipped Qazlal.
Qazlal was noncommittal.
You were not hungry.

You visited 1 branch of the dungeon, and saw 4 of its levels.

You collected 146 gold pieces.

Inventory:

Hand Weapons
 c - a +0 club
 f - a +0 short sword (weapon)
 m - a +6 dagger
Missiles
 j - 105 stones (quivered)
Armour
 a - a +0 robe (worn)
 b - a +1 hat (worn)
Wands
 p - a wand of random effects (16)
Scrolls
 g - a scroll of random uselessness {unknown}
 i - 5 scrolls of identify
 k - 2 scrolls of amnesia
Potions
 e - a potion of heal wounds {unknown}
 h - 2 potions of ambrosia {unknown}
 l - a potion of magic {unknown}
 n - a potion of lignification {unknown}
 o - a potion of curing {unknown}
Comestibles
 d - 6 rations


   Skills:
 + Level 2.3(1.7) Dodging
 + Level 2.3(1.6) Stealth
 + Level 4.2(3.5) Spellcasting
 + Level 1.6(1.0) Conjurations
 + Level 1.4(0.8) Summonings
 + Level 1.0(0.3) Translocations


You had one spell level left.
You knew the following spells:

 Your Spells              Type           Power        Failure   Level  Hunger
a - Magic Dart            Conj           #...         10%         1    None
b - Call Imp              Summ           #.......     16%         2    ##.....
c - Blink                 Tloc           N/A          19%         2    ##.....
d - Slow                  Hex            #.......     22%         2    ##.....
e - Mephitic Cloud        Conj/Pois/Air  #.......     36%         3    ###....

Your spell library contained the following spells:

 Spells                   Type           Power        Failure   Level  Hunger
 Conjure Flame            Conj/Fire      #.......     34%         3    ###....


Dungeon Overview and Level Annotations

Branches:
Dungeon (4/15)
 Temple: D:4-7

Altars:
Ashenzari
Qazlal
Uskayaw
Vehumet
Xom

Shops:
D:4 %

Annotations:
D:2 Grinder


Message History

The magic dart hits the wight.
The wight hits you with an enchanted battleaxe!
Ouch! That really hurt!
You feel drained.
Casting: Magic Dart (safe; 9% risk of failure)
Confirm with . or Enter, or press ? or * to list all spells.
You miscast Blink.
The air around you crackles with energy!
The wight barely misses you.
Casting: Blink (safe; 16% risk of failure)
Confirm with . or Enter, or press ? or * to list all spells.
You don't have enough magic to cast that spell.
Casting: Blink (safe; 16% risk of failure)
Confirm with . or Enter, or press ? or * to list all spells.
You don't have enough magic to cast that spell.
The wight hits you with an enchanted battleaxe.
The wight hits you with an enchanted battleaxe!
* * * LOW HITPOINT WARNING * * *
You feel drained.
You die...

#.# #.# #.# #.#
#### #.# ?##
###..# #.#
##...###.@..###.#
.#._.#...zz..##<#
##...###........#
.## ###..###.##
#### #..# ##.#
... #.# ... #.#
.. #.#


You could see 2 wights.

Vanquished Creatures
  An ooze (D:1)
  2 worms
  3 dart slugs
  2 orcs (D:3)
  2 ball pythons
  A giant cockroach (D:2)
  7 goblins
  6 hobgoblins
  2 jackals (D:1)
  A quokka (D:3)
  9 bats
  4 frilled lizards
  2 kobolds
  7 rats
49 creatures vanquished.

Vanquished Creatures (collateral kills)
  Ijyb (D:3)
  4 orcs
  2 jackals (D:1)
  A rat (D:1)
8 creatures vanquished.

Vanquished Creatures (others)
  2 hobgoblins (D:3)
  A frilled lizard (D:3)
3 creatures vanquished.

Grand Total: 60 creatures vanquished

Notes
Turn   | Place    | Note
-------+----------+-------------------------------------------
     0 | D:1      | HerrDoktor the Human Wizard began the quest for the Orb.
     0 | D:1      | Reached XP level 1. HP: 13/13 MP: 4/4
   152 | D:1      | Reached XP level 2. HP: 16/19 MP: 0/6
   548 | D:1      | Learned a level 2 spell: Call Imp
   551 | D:1      | Learned a level 2 spell: Blink
   946 | D:1      | Reached XP level 3. HP: 23/24 MP: 1/8
   950 | D:1      | Learned a level 2 spell: Slow
  1815 | D:2      | Found a hide-covered altar of Uskayaw.
  2070 | D:2      | Found a bloodstained altar of Trog.
  2073 | D:2      | Found a shimmering altar of Xom.
  2073 | D:2      | Found a hazy altar of Hepliaklqana.
  2075 | D:2      | Found an ancient bone altar of Kikubaaqudgha.
  2075 | D:2      | Found a radiant altar of Vehumet.
  2075 | D:2      | Found a white marble altar of Elyvilon.
  2372 | D:2      | Found a stormy altar of Qazlal.
  2384 | D:2      | Became a worshipper of Qazlal Stormbringer
  2765 | D:3      | Reached skill level 4 in Spellcasting
  2783 | D:3      | Learned a level 3 spell: Mephitic Cloud
  2791 | D:3      | Noticed Grinder
  2862 | D:2      | Reached XP level 4. HP: 25/30 MP: 5/10
  3216 | D:3      | Found a radiant altar of Vehumet.
  3218 | D:3      | Noticed Ijyb
  3536 | D:3      | Killed Ijyb
  3692 | D:3      | Reached * piety under Qazlal
  4197 | D:4      | Found Etoi's Food Boutique.
  4295 | D:4      | Found a shattered altar of Ashenzari.
  4358 | D:4      | Slain by a wight

Vault maps used:
D:1:      sevenhm_arrival_forest_fort_small_3, minmay_misc_feat_tower
D:2:      lemuel_crystal_altar, nicolae_qazlal_eye_of_the_storm,
          doesnt_xom_only_xom
D:3:      fiery_altar_vehumet, kennysheep_pointless_box, uniq_ijyb, uniq_grinder
D:4:      nicolae_ashenzari_panopticon, serial_shops, shop, first_ration,
          uniq_sigmund

Skill      XL: |  1  2  3 |
---------------+----------+-----
Spellcasting   | 4 |  4.2
Dodging        | |  2.3
Stealth        | |  2.3
Conjurations   | |  1.6
Summonings     | |  1.4
Translocations | |  1.0

Action                   |  1- 3 |  4- 6 || total
-------------------------+-------+-------++-------
Melee: Short sword       |    29 |    18 ||    47
Throw: Stone             |     1 |     2 ||     3
 Cast: Magic Dart        |    99 |    62 ||   161
       Call Imp          |     5 |     7 ||    12
       Blink             |     2 |     1 ||     3
       Slow              |     4 |       ||     4
       Mephitic Cloud    |       |     1 ||     1
  Use: Scroll            |       |     4 ||     4
 Stab: Sleeping          |     1 |       ||     1
  Eat: Chunk             |     4 |     2 ||     6
       Ration            |     1 |     1 ||     2
Armor: Robe              |    23 |     9 ||    32
Dodge: Dodged            |    61 |    45 ||   106
Block: Other             |       |     1 ||     1

Table legend:
 A = Non-vault XP
 B = Vault XP
 C = Vault XP percentage of total XP
 D = Non-vault monster count
 E = Vault monster count
 F = Vault count percentage of total count
                 A         B        C        D         E       F
            +---------+---------+-------+---------+---------+-------
      Total |     110 |      22 |  16.7 |      56 |       1 |   1.8
            +---------+---------+-------+---------+---------+-------
        D:1 |      36 |       0 |   0.0 |      20 |       0 |   0.0
        D:2 |      30 |       0 |   0.0 |      14 |       0 |   0.0
        D:3 |      44 |      22 |  33.3 |      22 |       1 |   4.3
            +---------+---------+-------+---------+---------+-------
